 Dungeon Crawl Stone Soup version 0.24.0-37-gcf1ca852f1 (webtiles) character file.

Game seed: 12521215990662596312, levelgen mode: deterministic

52 FishyPogo the Vexing (level 3, -10/34 HPs)
             Began as a Gnoll Wanderer on Dec 6, 2019.
             Mangled by Sigmund
             ... wielding a +0 scythe
              (12 damage)
             ... on level 2 of the Dungeon.
             The game lasted 00:06:15 (1754 turns).

FishyPogo the Vexing (Gnoll Wanderer)               Turns: 1754, Time: 00:06:16

Health: -10/34     AC:  2    Str: 14 (17) XL:     3   Next: 85%
Magic:  0/7        EV: 17    Int:  8 (11) God:
Gold:   68         SH:  0    Dex: 17 (20) Spells: 3/7 levels left

rFire    . . .     SeeInvis +   a - +0 club
rCold    . . .     Gourm    .   (no shield)
rNeg     . . .     Faith    .   d - +0 robe
rPois    .         Spirit   .   (helmet restricted)
rElec    .         Reflect  .   (no cloak)
rCorr    .         Harm     .   (no gloves)
MR       .....                  (no boots)
Stlth    ++........             (no amulet)
HPRegen  0.11/turn              (no ring)
MPRegen  0.10/turn              (no ring)

@: confused, agile, very slightly contaminated
A: distributed training, antennae 1, fangs 1, see invisible, robust 1, wild
magic 1, strong nose
a: no special abilities


You were on level 2 of the Dungeon.
You were near starving.

You visited 1 branch of the dungeon, and saw 2 of its levels.

You collected 68 gold pieces.

Inventory:

Hand Weapons
 a - a +0 club (weapon)
Missiles
 k - 43 stones (quivered)
 n - 4 curare-tipped darts
Armour
 d - a +0 robe (worn)
 e - a +0 shield
Scrolls
 b - 4 scrolls of enchant armour {unknown}
 g - 3 scrolls of identify {unknown}
 i - a scroll of teleportation {unknown}
Potions
 c - a potion of lignification
 h - a potion of agility
 j - a potion of mutation
Comestibles
 f - 5 rations


   Skills:
 + Level 4.5 Fighting
 + Level 0.9 Short Blades
 + Level 0.9 Long Blades
 + Level 0.9 Axes
 + Level 0.9 Maces & Flails
 + Level 0.9 Polearms
 + Level 2.6 Staves
 + Level 0.9 Slings
 + Level 0.9 Bows
 + Level 0.9 Crossbows
 + Level 0.9 Throwing
 + Level 0.9 Armour
 + Level 0.9 Dodging
 + Level 2.4 Stealth
 + Level 2.6 Shields
 + Level 0.9 Unarmed Combat
 + Level 2.8 Spellcasting
 + Level 0.6 Conjurations
 + Level 5.4 Hexes
 + Level 0.6 Charms
 + Level 0.6 Summonings
 + Level 0.6 Necromancy
 + Level 0.6 Translocations
 + Level 0.6 Transmutations
 + Level 0.6 Fire Magic
 + Level 0.6 Ice Magic
 + Level 2.1 Air Magic
 + Level 0.6 Earth Magic
 + Level 0.6 Poison Magic
 + Level 1.0 Invocations
 + Level 0.9 Evocations


You had 3 spell levels left.
You knew the following spells:

 Your Spells              Type           Power        Failure   Level  Hunger
a - Sting                 Conj/Pois      #...         34%         1    ##.....
c - Mephitic Cloud        Conj/Pois/Air  #.......     61%         3    ####...

Your spell library contained the following spells:

 Spells                   Type           Power        Failure   Level  Hunger


Dungeon Overview and Level Annotations

Branches:
Dungeon (2/15)

Altars:

Annotations:
D:2 1 runed translucent door, Crazy Yiuf, Sigmund


Innate Abilities, Weirdness & Mutations

Your experience applies equally to all skills.
You have very sharp teeth.
Your uncanny sense of smell can sniff out nearby items.
You have a pair of small antennae on your head.
You have supernaturally acute eyesight. (SInv)
You are robust. (+10% HP)
Your spells are a little harder to cast, but a little more powerful.


Message History

Sigmund hits you with a +0 scythe.
* * * LOW HITPOINT WARNING * * *
You hit Sigmund.
Sigmund is heavily wounded.
Sigmund hits you with a +0 scythe.
* * * LOW HITPOINT WARNING * * *
Casting: Sting (safe; 34% risk of failure)
Confirm with . or Enter, or press ? or * to list all spells.
Aiming: Sting (safe; 34% risk of failure)
Press: ? - help, Shift-Dir - straight line, f/p - Sigmund
Aim: Sigmund, wielding a +0 scythe and wearing a +2 robe of positive energy (heavily wounded)
You miscast Sting.
Wisps of poison gas drift from your hands.
You are near starving!
You hit Sigmund.
Sigmund is severely wounded.
Sigmund casts a spell at you.
You are confused.
Sigmund hits you with a +0 scythe!
You die...

............#...............[....
............########.............
............# ####.....>.......
............# #................
............# ##..#.............
............## #.......##...#####
.............###.###...##...#
.................#.....##...#
....####..#..###@#.....##...#
###.# #.....#...@.....##...#
#.####.###.#..###....##...#
#......#......#......##...#
#..###.#..###.#..#...##...#
#..#......#..........######
#..#..###.#.)###..####
#.....#......#....#
#.....#..###.#..###


You could see Sigmund.

Vanquished Creatures
  An adder (D:2)
  An ooze (D:2)
  2 dart slugs (D:1)
  A leopard gecko (D:1)
  3 bats
  2 giant cockroaches (D:1)
  9 goblins
  2 hobgoblins
  A ball python (D:1)
  A frilled lizard (D:1)
  2 kobolds
  9 rats
34 creatures vanquished.

Notes
Turn   | Place    | Note
-------+----------+-------------------------------------------
     0 | D:1      | FishyPogo the Gnoll Wanderer began the quest for the Orb.
     0 | D:1      | FishyPogo set off with the following items: a +0 club, a
                  | potion of lignification, a +0 robe, a +0 shield, a ration;
                  | and the following spell memorised: Sting; and the following
                  | spells available to memorise: Mephitic Cloud
     0 | D:1      | Reached XP level 1. HP: 20/20 MP: 4/4
   108 | D:1      | Reached XP level 2. HP: 21/26 MP: 1/5
   303 | D:1      | Reached XP level 3. HP: 7/31 MP: 1/7
   366 | D:1      | Learned a level 3 spell: Mephitic Cloud
   833 | D:2      | Noticed Sigmund
  1004 | D:2      | Reached skill level 1 in Invocations
  1066 | D:2      | Found a runed translucent door.
  1067 | D:2      | Noticed Crazy Yiuf
  1296 | D:2      | Gained mutation: You have a pair of small antennae on your
                  | head. [potion of mutation]
  1296 | D:2      | Gained mutation: You are robust. (+10% HP) [potion of
                  | mutation]
  1296 | D:2      | Gained mutation: Your spells are a little harder to cast,
                  | but a little more powerful. [potion of mutation]
  1296 | D:2      | Gained mutation: You have supernaturally acute eyesight.
                  | (SInv) [potion of mutation]
  1754 | D:2      | Mangled by Sigmund

Levels and vault maps discovered:
D:1:      eino_arrival_cavern_a, layout_rooms, st_stairs_11, minivault_19
D:2:      layout_basic, first_ration, hangedman_decor_points, uniq_sigmund,
          uniq_crazy_yiuf_cottage

Skill      XL: |  1  2  3 |
---------------+----------+-----
Air Magic      | 2 |  2.1
Invocations    | 1 |  1.0
Fighting       | |  4.5
Short Blades   | |  0.9
Long Blades    | |  0.9
Axes           | |  0.9
Maces & Flails | |  0.9
Polearms       | |  0.9
Staves         | |  2.6
Slings         | |  0.9
Bows           | |  0.9
Crossbows      | |  0.9
Throwing       | |  0.9
Armour         | |  0.9
Dodging        | |  0.9
Stealth        | |  2.4
Shields        | |  2.6
Unarmed Combat | |  0.9
Spellcasting   | |  2.8
Conjurations   | |  0.6
Hexes          | |  5.4
Charms         | |  0.6
Summonings     | |  0.6
Necromancy     | |  0.6
Translocations | |  0.6
Transmutations | |  0.6
Fire Magic     | |  0.6
Ice Magic      | |  0.6
Earth Magic    | |  0.6
Poison Magic   | |  0.6
Evocations     | |  0.9

Action                   || total
-------------------------++-------
Melee: Club              ||    76
       Bite              ||     5
 Cast: Sting             ||    56
       Mephitic Cloud    ||     2
  Use: Potion            ||     5
 Stab: Sleeping          ||     2
       Confused          ||     1
  Eat: Chunk             ||     3
Armor: Robe              ||    15
Dodge: Dodged            ||    53
